 Dungeon Crawl Stone Soup version 0.30-b1-2-g02819fbbbe (webtiles) character file.

Game seed: 7382997196863593553

50 manyhoops the Digger (level 3, -15/26 HPs)
             Began as a Demigod Earth Elementalist on Nov 30, 2023.
             Engulfed by a cloud of flame (27 damage)
             ... on level 3 of the Dungeon.
             The game lasted 00:02:37 (1711 turns).

manyhoops the Digger (Demigod Earth Elementalist)   Turns: 1711, Time: 00:02:38

Health: -15/26     AC:  2    Str:  7 (9)  XL:     3   Next: 35%
Magic:  7/9        EV: 17    Int: 19 (21) God:
Gold:   63         SH:  0    Dex: 13 (14) Spells: 1/7 levels left

rFire   . . .        (no weapon)
rCold   . . .        (no shield)
rNeg    . . .        a - +0 robe
rPois   .            (no helmet)
rElec   .            (no cloak)
rCorr   .            (no gloves)
SInv    .            (no boots)
Will    .....        j - amulet of regeneration
Stlth   ++           l - +5 ring of evasion
HPRegen 1.04/turn    (no ring)
MPRegen 0.11/turn

%: no passive effects
@: brilliant
A: high MP 1, forlorn, divine attributes
a: no special abilities


You were on level 3 of the Dungeon.
You visited 1 branch of the dungeon, and saw 3 of its levels.

You collected 63 gold pieces.

Inventory:

Armour
 a - a +0 robe (worn)
 o - a +0 cloak
Jewellery
 j - an amulet of regeneration (around neck)
 l - a +5 ring of evasion (left hand)
Scrolls
 c - a scroll of amnesia
 e - a scroll of identify
 f - a scroll of vulnerability
Potions
 b - a potion of magic


   Skills:
 + Level 0.1 Fighting
 - Level 1.7 Dodging
 - Level 1.7 Stealth
 - Level 2.6 Spellcasting
 - Level 0.8 Transmutations
 - Level 3.5 Earth Magic


You had one spell level left.
You knew the following spells:

 Your Spells              Type           Power      Damage    Failure   Level
a - Sandblast             Erth           48%        2d12      3%          1
b - Passwall              Tmut/Erth      13%        N/A       10%         2
c - Stone Arrow           Conj/Erth      26%        3d8       22%         3

Your spell library contained the following spells:

 Spells                   Type           Power      Damage    Failure   Level
 Petrify                  Tmut/Erth      16%        N/A       54%         4


Dungeon Overview and Level Annotations

Branches:
Dungeon (3/15)

Annotations:
D:3 Robin


Innate Abilities, Weirdness & Mutations

You have an increased reservoir of magic. (+10% MP)
You shall have no god before yourself.
Your divine heritage dramatically boosts your attributes as you level up.


Message History

Aiming: Passwall (safe; 10% risk of failure)
Press: ? - help, Dir - move target A rock wall.
You feel a surge of power!
This rock feels extremely deep.
The goblin no longer looks unusually strong.
The goblin misses you. The goblin closely misses you.
Unknown command.
Casting: Passwall (safe; 10% risk of failure)
Confirm with . or Enter, or press ? or * to list all spells.
Aiming: Passwall (safe; 10% risk of failure)
Press: ? - help, Dir - move target, f - goblin
Aim: a goblin, wielding a +0 club (inner flame)
There is no adjacent passable wall in that direction.
Okay, then.
The goblin misses you. x2
The goblin no longer looks unusually strong.
The goblin misses you. The goblin barely misses you.
The goblin closely misses you. The goblin hits you with a +0 club.
The hobgoblin no longer looks unusually strong. x2
The goblin no longer looks unusually strong.
The goblin misses you. x2
Robin roars a battlecry!
The goblins go into a battle-frenzy!
The goblin no longer looks unusually strong. x3
The goblin hits you but does no damage. The goblin misses you.
The goblin completely misses you. The goblin closely misses you.
The goblin closely misses you. The goblin barely misses you.
The goblin hits you with a +0 club. The goblin completely misses you.
The goblin hits you but does no damage. The goblin closely misses you.
Okay, then.
Casting: Passwall (safe; 10% risk of failure)
Confirm with . or Enter, or press ? or * to list all spells.
Aiming: Sandblast (safe; 3% risk of failure)
Press: ? - help, Shift-Dir - straight line, f - goblin
Aim: a goblin, wielding a +0 club (inner flame, strong, 79% to hit)
You feel a surge of power!
The blast of sand hits the goblin.
The goblin explodes!
The fiery explosion engulfs you!
You are engulfed in blazing flames.
Ouch! That really hurt!
You die...

#.# #.# #.# #.# #.#
#.# #.# #.# #.# #.#
#.# #.# #<#
############.###.#
ggggggg@ยงยง.......#
gg##########.#####
#.# #.# #.# #.# ..#
###


You could see Robin (inner flame), 2 hobgoblins and 6 goblins.

Vanquished Creatures
  An adder (D:2)
  A dart slug (D:1)
  2 ball pythons (D:1)
  A bat (D:1)
  2 endoplasms
  6 goblins
  2 hobgoblins (D:1)
  8 jackals
  3 kobolds
  A quokka (D:1)
  5 frilled lizards
  4 rats
36 creatures vanquished.

Notes
Turn   | Place    | Note
-------+----------+-------------------------------------------
     0 | D:1      | manyhoops the Demigod Earth Elementalist began the quest
                  | for the Orb.
     0 | D:1      | Reached XP level 1. HP: 14/14 MP: 5/5
   226 | D:1      | Reached skill level 3 in Earth Magic
   349 | D:1      | Reached XP level 2. HP: 20/20 MP: 5/7
  1133 | D:2      | Reached XP level 3. HP: 26/26 MP: 5/9
  1234 | D:2      | Learned a level 2 spell: Passwall
  1238 | D:2      | Learned a level 3 spell: Stone Arrow
  1684 | D:3      | Noticed Robin
  1711 | D:3      | Engulfed by a cloud of flame

Illustrated notes

Levels and vault maps discovered:
D:1:      psy_arrival_conway, layout_basic, hex_large
D:2:      layout_loops_ring, chequers_mini_garden, kennysheep_generic_room_4
D:3:      layout_loops_ring, slow_altar_1,
          shapermc_ecumenical_altar_mp_vishouse, serial_shops,
          nicolae_shop_tiny_waterfront, shop, uniq_robin, uniq_natasha,
          uniq_grinder, uniq_sigmund

Skill      XL: |  1 |
---------------+----+-----
Spellcasting   | 2 |  2.6
Earth Magic    | 3 |  3.5
Fighting       | |  0.1
Dodging        | |  1.7
Stealth        | |  1.7
Transmutations | |  0.8

Action                     || total
---------------------------++-------
   Cast: Sandblast         ||    50
         Passwall          ||     2
    Use: Scroll            ||     4
         Potion            ||     5
 Armour: Robe              ||     6
  Dodge: Dodged            ||    41
